| TOP OF THE 1ST |
|
Grand Junction Rockies batting - Pitching for Kingsport Mets : LHP Pedro Botello
|
|
Pitching: LHP Pedro Botello
|
|
|
Batting: SHB Rich McDonald
|
0-0: Foul Ball, location: 2F 0-1: Ball 1-1: DOUBLE (Groundball, 5L, EV 96.9 MPH)
|
|
Batting: RHB Aaron Burnet
|
0-0: Called Strike 0-1: Ball 1-1: Foul Ball, location: 2F 1-2: Strikes out swinging
|
|
Batting: RHB Dan Hoffman
|
0-0: Fly out, F7 (Line Drive, 7S, EV 96.9 MPH)
|
|
Batting: RHB Ryan Ward
|
0-0: Called Strike 0-1: Ball 1-1: Swinging Strike 1-2: Ball 2-2: Strikes out swinging
|
| Top of the 1st over - 0 runs, 1 hit, 0 errors, 1 left on base; Grand Junction 0 - Kingsport 0 |
| BOTTOM OF THE 1ST |
|
Kingsport Mets batting - Pitching for Grand Junction Rockies : RHP Don Carriere
|
|
Pitching: RHP Don Carriere
|
|
|
Batting: SHB Josh Thomson
|
0-0: Foul Ball, location: 2F 0-1: Foul Ball, location: 2F 0-2: Ball 1-2: Foul Ball, location: 2F 1-2: Foul Ball, location: 2F 1-2: Foul Ball, location: 2F 1-2: Ball 2-2: Foul Ball, location: 2F 2-2: Foul Ball, location: 2F 2-2: Ball 3-2: Ground out 1-3 (Groundball, 34S, EV 65.6 MPH)
|
|
Batting: RHB Warren Carmichael
|
0-0: Foul Ball, location: 2F 0-1: Foul Ball, location: 2F 0-2: Ball 1-2: Fly out, F8 (Flyball, 8LXD, EV 103.1 MPH)
|
|
Batting: RHB Eric Zylstra
|
0-0: Ball 1-0: Foul Ball, location: 2F 1-1: Ball 2-1: Foul Ball, location: 2F 2-2: Foul Ball, location: 2F 2-2: Ground out 6-3 (Groundball, 6S, EV 70.0 MPH)
|
| Bottom of the 1st over - 0 runs, 0 hits, 0 errors, 0 left on base; Grand Junction 0 - Kingsport 0 |
| TOP OF THE 2ND |
|
Grand Junction Rockies batting - Pitching for Kingsport Mets : LHP Pedro Botello
|
|
Batting: RHB Gashie Chimsima
|
0-0: Ball 1-0: Ball 2-0: Foul Ball, location: 2F 2-1: Fly out, F1 (Line Drive, P, EV 73.1 MPH)
|
|
Batting: RHB Wei-fang Ping
|
0-0: Ball 1-0: Foul Ball, location: 2F 1-1: Ball 2-1: SINGLE (Line Drive, 56, EV 98.1 MPH)
|
|
Batting: SHB J.D. Newman
|
0-0: Ball 1-0: Foul Ball, location: 2F 1-1: Ball 2-1: Ball 3-1: Foul Ball, location: 2F 3-2: Strikes out swinging
|
|
Batting: RHB Xavier Williams
|
0-0: Ball 1-0: Ball Wild Pitch! Wei-fang Ping to second 2-0: Fly out, F9 (Line Drive, 9, EV 94.4 MPH)
|
| Top of the 2nd over - 0 runs, 1 hit, 0 errors, 1 left on base; Grand Junction 0 - Kingsport 0 |
| BOTTOM OF THE 2ND |
|
Kingsport Mets batting - Pitching for Grand Junction Rockies : RHP Don Carriere
|
|
Batting: RHB Juan Medina
|
0-0: Ball 1-0: Called Strike 1-1: Ball 2-1: Ball 3-1: Foul Ball, location: 2F 3-2: Base on Balls
|
|
Batting: RHB Dan Muse
|
0-0: DOUBLE (Groundball, 5L, EV 102.5 MPH) Juan Medina to third
|
|
Batting: RHB Artyom Shavkunov
|
0-0: Ball 1-0: Foul Ball, location: 2F 1-1: Ball 2-1: Ball 3-1: Called Strike 3-2: Ground out 3-1 (Groundball, 34S, EV 75.6 MPH) Juan Medina scores Dan Muse to third
|
|
Batting: RHB Craig Alvarado
|
0-0: Ground out 6-3 (Groundball, 6, EV 108.8 MPH) Dan Muse scores
|
|
Batting: LHB Randolph Brodbeck
|
0-0: Ball 1-0: Called Strike 1-1: Ball 2-1: Called Strike 2-2: Strikes out swinging
|
| Bottom of the 2nd over - 2 runs, 1 hit, 0 errors, 0 left on base; Grand Junction 0 - Kingsport 2 |
| TOP OF THE 3RD |
|
Grand Junction Rockies batting - Pitching for Kingsport Mets : LHP Pedro Botello
|
|
Batting: RHB Tom Gentry
|
0-0: Ground out 5-3 (Groundball, 5, EV 85.0 MPH)
|
|
Batting: SHB Rich McDonald
|
0-0: Ball 1-0: Ball 2-0: Ball 3-0: Base on Balls
|
|
Batting: RHB Aaron Burnet
|
0-0: Ball 1-0: Ball Rich McDonald steals 2nd base (no throw) 2-0: Called Strike 2-1: Called Strike 2-2: Strikes out swinging
|
|
Batting: RHB Dan Hoffman
|
0-0: Ball 1-0: SINGLE (Groundball, 6MD, EV 98.1 MPH) Rich McDonald to third Runner from 3rd tries for Home, SAFE, throw by CF to home
|
|
Batting: RHB Ryan Ward
|
0-0: Ball 1-0: Fly out, F7 (Flyball, 7S, EV 98.8 MPH)
|
| Top of the 3rd over - 1 run, 1 hit, 0 errors, 1 left on base; Grand Junction 1 - Kingsport 2 |
| BOTTOM OF THE 3RD |
|
Kingsport Mets batting - Pitching for Grand Junction Rockies : RHP Don Carriere
|
|
Batting: RHB Kyle Verkamp
|
0-0: SINGLE (Line Drive, 7LS, EV 100.0 MPH)
|
|
Batting: SHB Josh Thomson
|
0-0: Ball 1-0: Called Strike Kyle Verkamp is caught stealing 2nd base 2-6 1-1: Ball 2-1: Foul Ball, location: 2F 2-2: SINGLE (Groundball, 34D, EV 96.2 MPH)
|
|
Batting: RHB Warren Carmichael
|
0-0: Ball Josh Thomson steals 2nd, throwing error, E2 Josh Thomson to third 1-0: Foul Ball, location: 2F 1-1: Foul Ball, location: 2F 1-2: Ball 2-2: SINGLE (Flyball, 5D, EV 91.2 MPH) Josh Thomson scores
|
|
Batting: RHB Eric Zylstra
|
0-0: Foul Ball, location: 2F 0-1: Called Strike 0-2: Foul Ball, location: 2F 0-2: Ball 1-2: Fielders Choice at 2nd, 1-4 (Groundball, 15S, EV 65.6 MPH)
|
|
Batting: RHB Juan Medina
|
0-0: Swinging Strike 0-1: Foul Ball, location: 2F 0-2: Fly out, F9 (Flyball, 9LMF, EV 90.6 MPH)
|
| Bottom of the 3rd over - 1 run, 3 hits, 1 error, 1 left on base; Grand Junction 1 - Kingsport 3 |
| TOP OF THE 4TH |
|
Grand Junction Rockies batting - Pitching for Kingsport Mets : LHP Pedro Botello
|
|
Batting: RHB Gashie Chimsima
|
0-0: Foul Ball, location: 2F 0-1: Ball 1-1: Foul Ball, location: 2F 1-2: Ball 2-2: Foul Ball, location: 2F 2-2: Ball 3-2: Ground out 5-3 (Groundball, 56, EV 110.6 MPH)
|
|
Batting: RHB Wei-fang Ping
|
0-0: Ball 1-0: Called Strike 1-1: SINGLE (Line Drive, 7S, EV 108.8 MPH)
|
|
Batting: SHB J.D. Newman
|
0-0: Ball 1-0: Called Strike 1-1: Fly out, F9 (Flyball, 9, EV 87.5 MPH)
|
|
Batting: RHB Xavier Williams
|
0-0: Ball 1-0: Ball 2-0: Swinging Strike 2-1: Swinging Strike 2-2: Ball 3-2: Foul Ball, location: 2F 3-2: Base on Balls Wei-fang Ping to second
|
|
Batting: RHB Tom Gentry
|
0-0: Ground out 5-3 (Groundball, 56S, EV 87.5 MPH)
|
| Top of the 4th over - 0 runs, 1 hit, 0 errors, 2 left on base; Grand Junction 1 - Kingsport 3 |
| BOTTOM OF THE 4TH |
|
Kingsport Mets batting - Pitching for Grand Junction Rockies : RHP Don Carriere
|
|
Batting: RHB Dan Muse
|
0-0: Ball 1-0: Ball 2-0: Ball 3-0: Called Strike 3-1: Foul Ball, location: 2F 3-2: Fly out, F9 (Flyball, 9LSF, EV 88.1 MPH)
|
|
Batting: RHB Artyom Shavkunov
|
0-0: Ball 1-0: Ball 2-0: Foul Ball, location: 2F 2-1: Ball 3-1: Base on Balls
|
|
Batting: RHB Craig Alvarado
|
0-0: Ball 1-0: Ball 2-0: Called Strike 2-1: Ball 3-1: Foul Ball, location: 2F 3-2: Base on Balls Artyom Shavkunov to second
|
|
Batting: LHB Randolph Brodbeck
|
0-0: Called Strike 0-1: Ball 1-1: Called Strike 1-2: Foul Ball, location: 2F 1-2: Foul Ball, location: 2F 1-2: Fly out, F8 (Flyball, 8LD, EV 97.5 MPH)
|
|
Batting: RHB Kyle Verkamp
|
0-0: Foul Ball, location: 2F 0-1: Ball 1-1: Ball 2-1: 3-RUN HOME RUN (Flyball, 78XD, EV 98.8 MPH), Distance : 410 ft
|
|
Pitching: RHP Aaron O'Brien
|
|
|
Batting: SHB Josh Thomson
|
0-0: Swinging Strike 0-1: Ball 1-1: Called Strike 1-2: Foul Ball, location: 2F 1-2: Foul Ball, location: 2F 1-2: Fly out, F8 (Line Drive, 8LD, EV 93.1 MPH)
|
| Bottom of the 4th over - 3 runs, 1 hit, 0 errors, 0 left on base; Grand Junction 1 - Kingsport 6 |
| TOP OF THE 5TH |
|
Grand Junction Rockies batting - Pitching for Kingsport Mets : LHP Pedro Botello
|
|
Batting: SHB Rich McDonald
|
0-0: Foul Ball, location: 2F 0-1: SINGLE (Line Drive, 56D, EV 95.0 MPH)
|
|
Batting: RHB Aaron Burnet
|
0-0: Ball 1-0: Swinging Strike 1-1: SINGLE (Line Drive, 8RS, EV 94.4 MPH) Rich McDonald to second
|
|
Batting: RHB Dan Hoffman
|
0-0: Swinging Strike 0-1: Ball 1-1: Called Strike 1-2: Ball 2-2: Ball 3-2: Foul Ball, location: 2F 3-2: Foul Ball, location: 2F 3-2: Base on Balls Rich McDonald to third Aaron Burnet to second
|
|
Pitching: RHP Antonio Reyes
|
|
|
Batting: RHB Ryan Ward
|
0-0: Called Strike 0-1: Ball 1-1: Called Strike 1-2: Ball 2-2: Grounds into double play, 6-4-3 (Groundball, 6, EV 87.5 MPH) Rich McDonald scores Aaron Burnet to third
|
|
Batting: RHB Gashie Chimsima
|
0-0: Ball 1-0: Foul Ball, location: 2F 1-1: Ball 2-1: Foul Ball, location: 2F 2-2: Ball 3-2: Fly out, F8 (Flyball, 8RD, EV 99.4 MPH)
|
| Top of the 5th over - 1 run, 2 hits, 0 errors, 1 left on base; Grand Junction 2 - Kingsport 6 |
| BOTTOM OF THE 5TH |
|
Kingsport Mets batting - Pitching for Grand Junction Rockies : RHP Aaron O'Brien
|
|
Batting: RHB Warren Carmichael
|
0-0: Ball 1-0: Called Strike 1-1: Foul Ball, location: 2F 1-2: Fly out, F7 (Line Drive, 7S, EV 93.1 MPH)
|
|
Batting: RHB Eric Zylstra
|
0-0: Ball 1-0: Foul Ball, location: 2F 1-1: Foul Ball, location: 2F 1-2: Foul Ball, location: 2F 1-2: SINGLE (Flyball, 89S, EV 91.9 MPH)
|
|
Batting: RHB Juan Medina
|
0-0: Ball 1-0: Fly out, F9 (Flyball, 9S, EV 81.2 MPH)
|
|
Batting: RHB Dan Muse
|
0-0: Ball 1-0: Called Strike 1-1: Ball 2-1: Foul Ball, location: 2F 2-2: Ball 3-2: Base on Balls Eric Zylstra to second
|
|
Batting: RHB Artyom Shavkunov
|
0-0: Called Strike 0-1: SINGLE (Flyball, 34D, EV 93.1 MPH) Eric Zylstra to third Dan Muse to second
|
|
Batting: RHB Craig Alvarado
|
0-0: DOUBLE (Flyball, 8RXD, EV 106.9 MPH) Eric Zylstra scores Dan Muse scores Artyom Shavkunov to third
|
|
Batting: LHB Randolph Brodbeck
|
0-0: Called Strike 0-1: Ground out 6-3 (Groundball, 4MD, EV 81.9 MPH)
|
| Bottom of the 5th over - 2 runs, 3 hits, 0 errors, 2 left on base; Grand Junction 2 - Kingsport 8 |
| TOP OF THE 6TH |
|
Grand Junction Rockies batting - Pitching for Kingsport Mets : RHP Antonio Reyes
|
|
Batting: RHB Wei-fang Ping
|
0-0: Swinging Strike 0-1: Ball 1-1: Swinging Strike 1-2: Ball 2-2: Ball 3-2: Fly out, F4 (Popup, 4MD, EV 63.8 MPH)
|
|
Batting: SHB J.D. Newman
|
0-0: Ball 1-0: Ball 2-0: Called Strike 2-1: Foul Ball, location: 2F 2-2: Foul Ball, location: 2F 2-2: Ball 3-2: Base on Balls
|
|
Batting: RHB Xavier Williams
|
0-0: Ball 1-0: SINGLE (Groundball, 4M, EV 85.0 MPH) (infield hit) J.D. Newman to second
|
|
Batting: RHB Tom Gentry
|
0-0: Foul Ball, location: 2F 0-1: Called Strike 0-2: Foul Ball, location: 2F 0-2: Ball 1-2: Ball 2-2: Foul Ball, location: 2F 2-2: Ball 3-2: Foul Ball, location: 2F 3-2: Strikes out swinging
|
|
Batting: SHB Rich McDonald
|
0-0: Ball 1-0: Foul Ball, location: 2F 1-1: Foul Ball, location: 2F 1-2: Reached on error, E9 (Flyball, 89M, EV 93.8 MPH) J.D. Newman scores Xavier Williams to third
|
|
Batting: RHB Aaron Burnet
|
0-0: Foul Ball, location: 2F 0-1: Ground out U3 (Groundball, 34S, EV 90.0 MPH)
|
| Top of the 6th over - 1 run, 1 hit, 1 error, 2 left on base; Grand Junction 3 - Kingsport 8 |
| BOTTOM OF THE 6TH |
|
Kingsport Mets batting - Pitching for Grand Junction Rockies : RHP Aaron O'Brien
|
|
Batting: RHB Kyle Verkamp
|
0-0: Called Strike 0-1: Ball 1-1: Ball 2-1: Ball 3-1: Fly out, F8 (Flyball, 8RD, EV 85.0 MPH)
|
|
Batting: SHB Josh Thomson
|
0-0: Ball 1-0: Ball 2-0: Ball 3-0: Called Strike 3-1: Called Strike 3-2: Base on Balls
|
|
Batting: RHB Warren Carmichael
|
0-0: Ball Josh Thomson steals 2nd base 1-0: Ball 2-0: Ball 3-0: Called Strike 3-1: Base on Balls
|
|
Pitching: RHP David Landa
|
|
|
Batting: RHB Eric Zylstra
|
0-0: Foul Ball, location: 2F 0-1: Ball 1-1: Fly out, F9 (Line Drive, 9, EV 97.5 MPH)
|
|
Batting: RHB Juan Medina
|
0-0: Ball 1-0: Ground out 6-3 (Groundball, P, EV 81.2 MPH)
|
| Bottom of the 6th over - 0 runs, 0 hits, 0 errors, 2 left on base; Grand Junction 3 - Kingsport 8 |
| TOP OF THE 7TH |
|
Grand Junction Rockies batting - Pitching for Kingsport Mets : RHP Antonio Reyes
|
|
Batting: RHB Dan Hoffman
|
0-0: Ball 1-0: Ground out 6-3 (Groundball, 6, EV 79.4 MPH)
|
|
Batting: RHB Ryan Ward
|
0-0: Ball 1-0: Ball 2-0: Ball 3-0: Called Strike 3-1: Ground out 1-3 (Groundball, 34S, EV 65.0 MPH)
|
|
Batting: RHB Gashie Chimsima
|
0-0: Ball 1-0: Foul Ball, location: 2F 1-1: Ball 2-1: Ball 3-1: Base on Balls
|
|
Pitching: RHP Ken Tayo
|
|
|
Batting: RHB Wei-fang Ping
|
0-0: Called Strike 0-1: Called Strike Gashie Chimsima steals 2nd base 0-2: Foul Ball, location: 2F 0-2: Ball 1-2: Ball Wild Pitch! Gashie Chimsima to third 2-2: Strikes out swinging
|
| Top of the 7th over - 0 runs, 0 hits, 0 errors, 1 left on base; Grand Junction 3 - Kingsport 8 |
| BOTTOM OF THE 7TH |
|
Kingsport Mets batting - Pitching for Grand Junction Rockies : RHP David Landa
|
|
Batting: RHB Dan Muse
|
0-0: Swinging Strike 0-1: Ball 1-1: Called Strike 1-2: Strikes out looking
|
|
Batting: RHB Artyom Shavkunov
|
0-0: Ball 1-0: Ball 2-0: Foul Ball, location: 2F 2-1: Called Strike 2-2: Ball 3-2: Foul Ball, location: 2F 3-2: Base on Balls
|
|
Batting: RHB Craig Alvarado
|
0-0: Ball 1-0: Ball 2-0: Ball 3-0: Base on Balls Artyom Shavkunov to second
|
|
Batting: LHB Randolph Brodbeck
|
0-0: Fly out, F8 (Flyball, 8RD, EV 91.2 MPH)
|
|
Batting: RHB Kyle Verkamp
|
0-0: Foul Ball, location: 2F 0-1: DOUBLE (Line Drive, 9LS, EV 102.5 MPH) Artyom Shavkunov scores Craig Alvarado to third
|
|
Batting: SHB Josh Thomson
|
0-0: Ball 1-0: Called Strike 1-1: Fly out, F7 (Flyball, 7LD, EV 86.9 MPH)
|
| Bottom of the 7th over - 1 run, 1 hit, 0 errors, 2 left on base; Grand Junction 3 - Kingsport 9 |
| TOP OF THE 8TH |
|
Grand Junction Rockies batting - Pitching for Kingsport Mets : RHP Ken Tayo
|
|
Batting: SHB J.D. Newman
|
0-0: Ball 1-0: Called Strike 1-1: Ball 2-1: TRIPLE (Line Drive, 7LD, EV 103.1 MPH)
|
|
Batting: RHB Xavier Williams
|
0-0: Ball 1-0: Ball 2-0: Fly out, F9 (Flyball, 89S, EV 91.2 MPH)
|
|
Batting: RHB Tom Gentry
|
0-0: Called Strike 0-1: Ball 1-1: Called Strike 1-2: Fly out, F4 (Flyball, 34D, EV 88.8 MPH)
|
|
Batting: SHB Rich McDonald
|
0-0: Called Strike 0-1: Foul Ball, location: 2F 0-2: Foul Ball, location: 2F 0-2: Strikes out swinging
|
| Top of the 8th over - 0 runs, 1 hit, 0 errors, 1 left on base; Grand Junction 3 - Kingsport 9 |
| BOTTOM OF THE 8TH |
|
Kingsport Mets batting - Pitching for Grand Junction Rockies : RHP David Landa
|
|
Batting: RHB Warren Carmichael
|
0-0: Ball 1-0: Called Strike 1-1: Ball 2-1: Ball 3-1: Base on Balls
|
|
Batting: RHB Eric Zylstra
|
0-0: Ball 1-0: Fly out, F7 (Flyball, 7LSF, EV 98.8 MPH)
|
|
Batting: RHB Juan Medina
|
0-0: Ball 1-0: Ball 2-0: Foul Ball, location: 2F 2-1: Ball 3-1: DOUBLE (Line Drive, 89XD, EV 106.9 MPH) Warren Carmichael to third
|
|
Batting: RHB Dan Muse
|
0-0: Ball 1-0: Foul Ball, location: 2F 1-1: Ball 2-1: Foul Ball, location: 2F 2-2: Ball 3-2: Foul Ball, location: 2F 3-2: 3-RUN HOME RUN (Flyball, 78XD, EV 101.9 MPH), Distance : 403 ft
|
|
Pitching: RHP Diego Arredondo
|
|
|
Batting: RHB Artyom Shavkunov
|
0-0: Called Strike 0-1: Fly out, F9 (Flyball, 9LSF, EV 84.4 MPH)
|
|
Batting: RHB Craig Alvarado
|
0-0: Ball 1-0: DOUBLE (Line Drive, 89XD, EV 99.4 MPH)
|
|
Batting: LHB Randolph Brodbeck
|
0-0: Ball 1-0: Called Strike 1-1: Swinging Strike 1-2: Strikes out swinging
|
| Bottom of the 8th over - 3 runs, 3 hits, 0 errors, 1 left on base; Grand Junction 3 - Kingsport 12 |
| TOP OF THE 9TH |
|
Grand Junction Rockies batting - Pitching for Kingsport Mets : RHP Ken Tayo
|
|
Batting: RHB Aaron Burnet
|
0-0: Called Strike 0-1: SINGLE (Groundball, 6MD, EV 105.0 MPH)
|
|
Batting: RHB Dan Hoffman
|
0-0: Fly out, F7 (Flyball, 7S, EV 90.6 MPH)
|
|
Batting: RHB Ryan Ward
|
0-0: Grounds into double play, 6-4-3 (Groundball, 6, EV 85.6 MPH)
|
| Top of the 9th over - 0 runs, 1 hit, 0 errors, 0 left on base; Grand Junction 3 - Kingsport 12 |
|